 Dungeon Crawl Stone Soup version 0.17-a0-1567-gdd419b1 (webtiles) character file.

8038 Dynablade the Jinx (level 11, -3/47 HPs)
             Began as a Spriggan Enchanter on July 22, 2015.
             Was a Priest of Nemelex Xobeh.
             Shot with a sling bullet by Joseph (7 damage)
             ... on level 10 of the Dungeon.
             The game lasted 01:31:42 (14650 turns).

Dynablade the Jinx (Spriggan Enchanter)            Turns: 14650, Time: 01:31:42

Health: -3/47      AC:  5    Str:  5    XL:     11   Next: 4%
Magic:  5/24       EV: 23    Int: 22    God:    Nemelex Xobeh [***...]
Gold:   200        SH:  9    Dex: 18    Spells: 4 memorised, 17 levels left

rFire  . . .     SeeInvis +     a - +1 dagger
rCold  . . .     Clarity  .     y - +2 robe {MR+}
rNeg   . . .     SustAt   .     I - +2 buckler
rPois  .         Gourm    .     (helmet restricted)
rElec  .         Spirit   .     J - +0 cloak {MR+}
rCorr  .         Warding  .     (gloves unavailable)
rMut   .         Stasis   .     (boots unavailable)
MR     +++..                    h - amulet of faith
Stlth  +++++.....               K - +4 ring of intelligence
                                v - +3 ring of evasion

@: very quick, extremely resistant to hostile enchantments, quite stealthy
A: unfitting armour, see invisible, herbivore 3, speed 3, slow metabolism 2
a: Triple Draw, Renounce Religion


You were on level 10 of the Dungeon.
You worshipped Nemelex Xobeh.
Nemelex Xobeh was most pleased with you.
You were hungry.

You visited 1 branch of the dungeon, and saw 10 of its levels.

You collected 508 gold pieces.
You spent 308 gold pieces at shops.

Inventory:

Hand weapons
 a - a +1 dagger (weapon)
 F - the cursed +0 whip "Fokhlaxiz" {vamp, rF+, unknown}
   (You found it on level 7 of the Dungeon)

   It inflicts no extra harm, but heals its wielder somewhat when it strikes a
   living foe.
   It protects you from fire.
   It has a curse placed upon it.
Armour
 y - a +2 robe of magic resistance (worn)
 I - a +2 buckler (worn)
 J - a +0 cloak of magic resistance (worn)
 L - a cursed -2 robe
Jewellery
 h - an amulet of faith (around neck)
 v - a +3 ring of evasion (left hand)
 H - an uncursed amulet of guardian spirit {unknown}
 K - a +4 ring of intelligence (right hand)
Magical devices
 q - a wand of frost (26)
 w - a wand of hasting (5)
 C - a wand of fire (10)
Scrolls
 e - a scroll of enchant armour {unknown}
 g - 2 scrolls of recharging {unknown}
 j - 4 scrolls of enchant weapon {unknown}
 k - 4 scrolls of remove curse {unknown}
 m - 6 scrolls of amnesia {unknown}
 p - a scroll of teleportation {unknown}
 A - a scroll of acquirement {unknown}
 E - 2 scrolls of random uselessness {unknown}
 M - a scroll of fog {unknown}
Potions
 b - a potion of agility {unknown}
 f - 2 potions of brilliance {unknown}
 l - 3 potions of haste
 n - 4 potions of curing
 o - 2 potions of heal wounds {unknown}
 r - a potion of cure mutation {unknown}
 s - a potion of flight
 x - a potion of mutation {unknown}
 z - 2 potions of degeneration {unknown}
 B - 3 potions of poison {unknown}
 D - a potion of lignification {unknown}
Books
 c - a book of Maledictions

   Spells                             Type                      Level
   a - Corona                         Hexes                        1
   b - Ensorcelled Hibernation        Hexes/Ice                    2
   c - Confuse                        Hexes                        3
   d - Tukima's Dance                 Hexes                        3
   e - Dazzling Spray                 Conjuration/Hexes            3
 t - a book of Death

   Spells                             Type                      Level
   a - Corpse Rot                     Necromancy                   2
   b - Sublimation of Blood           Necromancy                   2
   c - Agony                          Necromancy                   5
   d - Dispel Undead                  Necromancy                   5
   e - Excruciating Wounds            Charms/Necromancy            5
   f - Bolt of Draining               Conjuration/Necromancy       5
Miscellaneous
 i - a plain deck of war {drawn: 1}
 N - a plain deck of war
 O - a sack of spiders
Comestibles
 d - 8 bread rations
 u - a fruit
 G - 8 royal jellies


   Skills:
 - Level 4.6 Short Blades
 - Level 5.7 Armour
 - Level 5.1 Dodging
 - Level 8.7 Stealth
 * Level 3.6 Shields
 - Level 8.0 Spellcasting
 * Level 10.9 Hexes
 - Level 8.6 Evocations


You had 17 spell levels left.
You knew the following spells:

 Your Spells              Type           Power        Failure   Level  Hunger
a - Corona                Hex            ######.      1%          1    None
b - Ensorcelled Hibernat  Hex/Ice        ####..       1%          2    None
c - Confuse               Hex            ######..     1%          3    None
d - Tukima's Dance        Hex            ######..     1%          3    None


Dungeon Overview and Level Annotations

Branches:
Dungeon (10/15)            Temple (0/1) D:7
   Lair: D:8-11         Orc: D:9-12

Altars:
Ashenzari
Cheibriados
Fedhas
Nemelex Xobeh
Okawaru
Qazlal
Xom
The Shining One

Shops:
D:4 :   D:9 !*}

Annotations:
D:10 Joseph


Innate Abilities, Weirdness & Mutations

You are tiny and cannot use many weapons and most armour.
You have supernaturally acute eyesight.
You are a herbivore.
You cover ground extremely quickly.
You need consume almost no food.


Message History

Casting: Ensorcelled Hibernation
Confirm with . or Enter, or press ? or * to list all spells.
Aiming: Tukima's Dance
Press: ? - help, Shift-Dir - straight line, f - Joseph
Aim: Joseph, wielding a hunting sling of freezing and wearing a ring mail (chance to defeat MR: 86%)
The hunting sling of freezing vibrates crazily for a second.
Joseph shoots a sling bullet.
You block the sling bullet.
Casting: Tukima's Dance
Confirm with . or Enter, or press ? or * to list all spells.
Aiming: Tukima's Dance
Press: ? - help, Shift-Dir - straight line, f/p - Joseph
Aim: Joseph, wielding a hunting sling of freezing and wearing a ring mail (chance to defeat MR: 86%) Joseph barely resists.
Joseph shoots a sling bullet.
The sling bullet hits you!! The sling bullet freezes you!
* * * LOW HITPOINT WARNING * * *
You feel better.
Joseph shoots a sling bullet.
The sling bullet hits you!
* * * LOW HITPOINT WARNING * * *
The sling bullet freezes you!
You die...
Your body disappears without a glow.

### ### ###.. #.#
###.... #.# ....... #.#
....... ##.#
.......######### ##.##
#........(@(@..####..#
#..........##....#...#
#......(.######......##
#..#....##
#..##<..####### >.
##...# #..###..)......
. #..## #..# ##########
#.!. #..# #...# #.(#
#...# ##.#


You could see Joseph.

Vanquished Creatures
  A troll (D:9)
  A queen bee (D:8)
  Sigmund (D:4)
  12 yaks (D:9)
  2 hungry ghosts (D:7)
  2 hippogriffs
  A steam dragon (D:7)
  2 water moccasins
  2 orc warriors
  2 black bears
  6 sky beasts
  2 phantoms (D:9)
  2 ice beasts
  3 ogres
  A big kobold (D:8)
  3 centaurs
  5 giant frogs
  3 scorpions
  2 water moccasin zombies (D:9)
  4 wights (D:9)
  26 killer bees
  2 crimson imps
  8 hounds
  2 centaur zombies (D:6)
  2 giant frog zombies
  2 centaur skeletons
  A giant frog skeleton (D:5)
  2 orc priests
  3 iguanas
  Natasha (D:4)
  2 gnoll shamans
  4 orc wizards
  A worker ant (D:8)
  A hound zombie (D:10)
  9 adders
  15 gnolls
  2 shadow imps (D:7)
  An ooze (D:3)
  An adder skeleton (D:8)
  2 worms
  9 giant geckos
  26 orcs
  2 bat skeletons
  3 giant cockroaches
  13 goblins
  11 hobgoblins
  10 jackals
  18 kobolds
  3 quokkas
  4 ball pythons
  17 bats
  5 giant newts (D:1)
  A quokka skeleton (D:4)
  16 rats
282 creatures vanquished.

Vanquished Creatures (collateral kills)
  An orc warrior (D:7)
  2 ogres
  2 killer bees (D:8)
  A wight (D:9)
  An orc priest (D:7)
  7 gnolls
  4 orcs
  A giant cockroach (D:8)
19 creatures vanquished.

Vanquished Creatures (others)
  A big kobold (D:7)
  6 kobolds (D:7)
7 creatures vanquished.

Grand Total: 308 creatures vanquished

Notes
Turn   | Place    | Note
--------------------------------------------------------------
     0 | D:1      | Dynablade the Spriggan Enchanter began the quest for the Orb.
     0 | D:1      | Reached XP level 1. HP: 9/9 MP: 5/5
   179 | D:1      | Reached XP level 2. HP: 4/13 MP: 6/6
   390 | D:1      | Learned a level 2 spell: Ensorcelled Hibernation
   740 | D:1      | Reached skill level 5 in Stealth
   776 | D:1      | Found a shimmering altar of Xom.
  1512 | D:1      | Reached XP level 3. HP: 16/16 MP: 8/8
  2091 | D:2      | Found an iron altar of Okawaru.
  2168 | D:2      | Found a snail-covered altar of Cheibriados.
  2360 | D:2      | Learned a level 3 spell: Confuse
  3038 | D:2      | Reached XP level 4. HP: 21/21 MP: 5/9
  3040 | D:2      | Reached skill level 6 in Stealth
  3040 | D:2      | Reached skill level 5 in Hexes
  3128 | D:2      | Found a stormy altar of Qazlal.
  3544 | D:3      | You fall through a shaft for 3 floors!
  3575 | D:6      | Noticed a sky beast
  3614 | D:5      | Entered Level 5 of the Dungeon
  3624 | D:5      | Noticed a centaur
  3627 | D:5      | Killed a centaur
  3627 | D:5      | Reached XP level 5. HP: 24/24 MP: 9/11
  3667 | D:4      | Found a shattered altar of Ashenzari.
  3962 | D:4      | Reached XP level 6. HP: 28/28 MP: 9/13
  4155 | D:4      | Noticed Natasha
  4175 | D:4      | Found Rajet's Book Boutique.
  4245 | D:4      | Reached skill level 5 in Dodging
  4265 | D:4      | Noticed Sigmund
  5002 | D:4      | Noticed an ogre
  5046 | D:4      | Killed Sigmund
  5046 | D:4      | Reached skill level 5 in Spellcasting
  5046 | D:4      | Reached XP level 7. HP: 32/32 MP: 1/16
  5306 | D:4      | Killed Natasha
  5322 | D:4      | Killed an ogre
  5409 | D:4      | Learned a level 3 spell: Tukima's Dance
  5424 | D:5      | Noticed an ogre
  5454 | D:5      | Killed an ogre
  6116 | D:5      | Reached skill level 7 in Spellcasting
  6202 | D:5      | Found a glowing golden altar of the Shining One.
  6202 | D:5      | Found a blossoming altar of Fedhas.
  6425 | D:6      | Reached skill level 1 in Evocations
  6425 | D:6      | Reached XP level 8. HP: 36/36 MP: 16/19
  6479 | D:6      | Noticed a sky beast
  6513 | D:6      | Killed a sky beast
  6513 | D:6      | Reached skill level 1 in Armour
  6557 | D:6      | Killed a sky beast
  7355 | D:6      | Reached skill level 8 in Stealth
  7991 | D:7      | Found a sparkling altar of Nemelex Xobeh.
  8069 | D:7      | Became a worshipper of Nemelex Xobeh the Trickster
  8442 | D:7      | Reached XP level 9. HP: 39/39 MP: 17/20
  8499 | D:7      | Reached skill level 5 in Evocations
  8590 | D:7      | Received a gift from Nemelex Xobeh
  8843 | D:7      | Found a staircase to the Ecumenical Temple.
  9615 | D:7      | Got a polished whip
 10473 | D:8      | Reached skill level 5 in Armour
 10787 | D:8      | Reached XP level 10. HP: 44/44 MP: 23/23
 11944 | D:9      | Found Joliuhub's Gadget Emporium.
 12925 | D:9      | Reached skill level 9 in Hexes
 13041 | D:9      | Received a gift from Nemelex Xobeh
 13319 | D:9      | Reached skill level 1 in Shields
 13339 | D:9      | Reached skill level 10 in Hexes
 13571 | D:9      | Found Loych's Distillery.
 13582 | D:9      | Bought a potion of curing for 45 gold pieces
 13582 | D:9      | Bought a potion of curing for 45 gold pieces
 13754 | D:9      | Found Fiego's Assorted Antiques.
 13787 | D:9      | Bought a potion of curing for 69 gold pieces
 13787 | D:9      | Bought a glowing cloak for 103 gold pieces
 13787 | D:9      | Bought a scroll labeled NATHRI WACOCZUSHYZ for 23 gold pieces
 13787 | D:9      | Bought a scroll labeled OLARAM GOTU IWKO for 23 gold pieces
 13941 | D:9      | Received a gift from Nemelex Xobeh
 14016 | D:9      | Reached XP level 11. HP: 40/47 MP: 15/24
 14580 | D:10     | Entered Level 10 of the Dungeon
 14585 | D:10     | Acquired Nemelex Xobeh's first power
 14619 | D:10     | Noticed Joseph
 14650 | D:10     | Shot with a sling bullet by Joseph

Vault maps used:
D:1:      tarquinn_simple_flora_water_e, xom_teletrap_fun
D:2:      overflow_temple_1_default, cheibriados_altar_1,
          okawaru_ov_weapons_minmay
D:3:      minmay_cut_off
D:4:      nicolae_ashenzari_panopticon, serial_shops, shop, uniq_natasha,
          uniq_sigmund
D:5:      gammafunk_temple_overflow_elements, first_bread
D:7:      overflow_temple_1_default, lemuel_temple_firewalk_marked
D:8:      david_nohive_1, serial_bayou_lake_a
D:9:      serial_shops, nicolae_shop_overgrown_old_shop,
          nicolae_shop_window_shopping, shop_statue
D:10:     david_orc_5, uniq_nergalle, uniq_joseph

Action                   |  1- 3 |  4- 6 |  7- 9 | 10-12 || total
-------------------------+-------+-------+-------+-------++-------
Melee: Dagger            |   173 |   124 |   237 |   219 ||   753
 Cast: Ensorcelled Hiber |    13 |    29 |    68 |    68 ||   178
       Confuse           |     4 |    12 |    45 |    27 ||    88
       Tukima's Dance    |       |       |     6 |     9 ||    15
       Corona            |       |       |       |     4 ||     4
Evoke: Deck              |       |       |     3 |     2 ||     5
  Use: Scroll            |     1 |     2 |     5 |     2 ||    10
       Potion            |       |       |     3 |     1 ||     4
 Stab: Sleeping          |    13 |    37 |    56 |    42 ||   148
       Confused          |     1 |     7 |    36 |    23 ||    67
       Distracted        |       |       |     2 |       ||     2
  Eat: Bread ration      |     1 |       |       |       ||     1
       Fruit             |       |       |     7 |     3 ||    10
